 Dungeon Crawl Stone Soup version 0.29.0-7-g18a832c13a (webtiles) character file.

Game seed: 2632567552325341216

1653 Arum the Trooper (level 9, -29/74 HPs)
             Began as a Formicid Fighter on Aug 30, 2022.
             Was a Priest of Wu Jian.
             Killed from afar by Maggie (33 damage)
             ... with a bolt of fire
             ... on level 6 of the Dungeon.
             The game lasted 00:09:54 (4602 turns).

Arum the Trooper (Formicid Fighter)                 Turns: 4602, Time: 00:09:55

Health: -29/74     AC: 16    Str: 25    XL:     9   Next: 19%
Magic:  9/9        EV:  9    Int:  8    God:    Wu Jian [***...]
Gold:   379        SH:  7    Dex: 13    Spells: 8/8 levels left

rFire   . . .      SeeInvis +   a - +0 quarterstaff
rCold   + . .      Faith    .   n - +2 buckler
rNeg    . . .      Spirit   .   b - +0 scale mail
rPois   +          Reflect  .   (helmet unavailable)
rElec   +          Harm     .   q - +2 cloak
rCorr   .          Rampage  .   v - +0 pair of gloves of the Arena {-Tele rElec rPois rC+}
Will    .....                   (no boots)
Stlth   ..........              (no amulet)
HPRegen 0.22/turn               c - +4 ring of protection
MPRegen 0.11/turn               (no ring)

@: no status effects
A: permanent stasis, dig shafts and tunnels, antennae 3, four strong arms
a: Dig, Shaft Self, Renounce Religion, Wall Jump, Serpent's Lash


You were on level 6 of the Dungeon.
You worshipped Wu Jian.
Wu Jian was most pleased with you.
You visited 1 branch of the dungeon, and saw 6 of its levels.

You collected 379 gold pieces.

Inventory:

Hand Weapons
 a - a +0 quarterstaff (weapon)
Missiles
 A - a throwing net
Armour
 b - a +0 scale mail (worn)
 n - a +2 buckler (worn)
 q - a +2 cloak (worn)
 v - the +0 pair of gloves of the Arena (worn) {-Tele rElec rPois rC+}
   (You found it on level 3 of the Dungeon)

   rC:        It protects you from cold.
   rElec:     It insulates you from electricity.
   rPois:     It protects you from poison.
   -Tele:     It prevents most forms of teleportation.
Jewellery
 c - a +4 ring of protection (left hand)
 z - a ring of willpower
 C - an amulet of magic regeneration
Wands
 p - a wand of flame (24)
Scrolls
 e - a scroll of noise {unknown}
 f - 4 scrolls of magic mapping {unknown}
 g - 9 scrolls of teleportation {unknown}
 h - 11 scrolls of identify {unknown}
 k - a scroll of enchant weapon {unknown}
 t - a scroll of brand weapon {unknown}
 w - 2 scrolls of enchant armour {unknown}
 x - 2 scrolls of fear {unknown}
 y - a scroll of acquirement {unknown}
Potions
 d - 4 potions of might
 i - 2 potions of resistance {unknown}
 j - a potion of ambrosia {unknown}
 l - 3 potions of attraction {unknown}
 m - 2 potions of curing
 o - 2 potions of heal wounds
 r - a potion of brilliance {unknown}
 s - a potion of degeneration {unknown}
 u - a potion of invisibility {unknown}
 B - a potion of flight {unknown}


   Skills:
 + Level 7.8 Fighting
 + Level 6.6 Staves
 + Level 7.7 Armour
 - Level 4.0 Shields


You had 8 spell levels left.
You didn't know any spells.
Your spell library was empty.

Dungeon Overview and Level Annotations

Branches:
Dungeon (6/15)
 Temple: D:4-7

Altars:
Kikubaaqudgha
Nemelex Xobeh
Wu Jian

Annotations:
D:6 Maggie


Innate Abilities, Weirdness & Mutations

You cannot be hasted, slowed, berserked, paralysed or teleported.
You can dig through walls and to a lower floor.
You have a pair of large antennae on your head. (SInv)
Your four strong arms can wield two-handed weapons with a shield.


Message History

Your life force feels restored.
You hit the necrophage.
The necrophage is heavily damaged.
The necrophage hits you.
* * * LOW HITPOINT WARNING * * *
Unknown command.
You are too injured to fight recklessly!
Aiming: Wall Jump
Press: ? - help, Dir - move target You repeatedly attack Maggie from above.
You barely miss Maggie.
Maggie is severely wounded.
You hit Maggie.
Maggie is severely wounded.
You repeatedly attack the necrophage from above.
You closely miss the necrophage.
The necrophage is heavily damaged.
You thump the necrophage!
The necrophage is almost destroyed.
Maggie gives herself a magical halo, but it quickly sputters out.
Maggie barely misses you.
The necrophage hits you but does no damage.
Maggie hits you with a +0 morningstar of flaming!
* * * LOW HITPOINT WARNING * * *
Maggie burns you.
* * * LOW HITPOINT WARNING * * *
The necrophage hits you but does no damage.
Unknown command.
Unknown command.
Aiming: Wall Jump
Press: ? - help, Dir - move target You repeatedly attack the necrophage from above.
You closely miss the necrophage.
The necrophage is almost destroyed.
You hit the necrophage.
The necrophage is almost destroyed.
The necrophage hits you but does no damage.
Maggie gestures at you while chanting. The bolt of fire hits you!!
You die...

..............###
........##......####
.†............##...#
####...##...####...#
............####...##
#....#.......>#.....##
##.#.#...........).).#
#.............##°○.)##
##....###.....##@○.##
......#........°@n.#
...............°...#
.......###...†..####
..@...####..##.##
@.......##....)<#
........##.##.### ###
...............## ...#
...>..|.......<.##..#


You could see Maggie and a necrophage.

Vanquished Creatures
  Grinder (D:5)
  Sigmund (D:2)
  Eustachio (D:6)
  Edmund (D:5)
  A water moccasin (D:6)
  An ice beast (D:6)
  2 ogres
  A black bear (D:5)
  2 bullfrogs
  A scorpion (D:5)
  2 howler monkeys
  A jelly (D:4)
  2 hounds
  2 iguanas (D:6)
  Terence (D:2)
  3 gnolls (D:5)
  3 adders
  A white imp (D:6)
  An ufetubus (D:5)
  2 worms
  3 dart slugs
  11 orcs
  6 bats
  5 endoplasms
  2 giant cockroaches (D:4)
  8 goblins
  3 hobgoblins
  7 jackals (D:1)
  10 kobolds
  2 quokkas (D:2)
  5 ball pythons
  A frilled lizard (D:1)
  5 rats
98 creatures vanquished.

Notes
Turn   | Place    | Note
-------+----------+-------------------------------------------
     0 | D:1      | Arum the Formicid Fighter began the quest for the Orb.
     0 | D:1      | Reached XP level 1. HP: 18/18 MP: 1/1
    63 | D:1      | Found a faded altar of an unknown god.
   110 | D:1      | Prayed at the altar of an unknown god.
   110 | D:1      | Became a worshipper of the Wu Jian Council
   110 | D:1      | Reached * piety under Wu Jian
   237 | D:1      | Reached XP level 2. HP: 23/24 MP: 2/2
   471 | D:1      | Reached XP level 3. HP: 27/30 MP: 3/3
   863 | D:1      | Found a sparkling altar of Nemelex Xobeh.
   976 | D:2      | Noticed Sigmund
   994 | D:2      | Killed Sigmund
   995 | D:2      | Reached XP level 4. HP: 24/38 MP: 4/4
   995 | D:2      | Reached XP level 5. HP: 28/43 MP: 5/5
   995 | D:2      | Reached XP level 6. HP: 32/50 MP: 6/6
  1149 | D:2      | Noticed Terence
  1166 | D:2      | Reached ** piety under Wu Jian
  1171 | D:2      | Killed Terence
  1351 | D:2      | Reached skill level 5 in Fighting
  1802 | D:3      | Reached skill level 5 in Armour
  2005 | D:3      | Identified the +0 pair of gloves of the Arena {-Tele rElec
                  | rPois rC+}
  2091 | D:3      | Found an ancient bone altar of Kikubaaqudgha.
  2426 | D:4      | Noticed an ogre
  2435 | D:4      | Killed an ogre
  2436 | D:4      | Reached XP level 7. HP: 13/56 MP: 7/7
  2979 | D:5      | Entered Level 5 of the Dungeon
  3151 | D:5      | Reached *** piety under Wu Jian
  3464 | D:5      | Noticed Grinder
  3497 | D:5      | Killed Grinder
  3498 | D:5      | Reached skill level 5 in Staves
  3498 | D:5      | Reached XP level 8. HP: 41/65 MP: 8/8
  4145 | D:6      | Noticed Edmund
  4145 | D:6      | Noticed Eustachio
  4163 | D:5      | Killed Edmund
  4249 | D:6      | Killed Eustachio
  4261 | D:6      | Reached XP level 9. HP: 24/72 MP: 9/9
  4556 | D:6      | Noticed Maggie
  4602 | D:6      | Killed from afar by Maggie

Illustrated notes

Levels and vault maps discovered:
D:1:      dpeg_arrival_water_altar, layout_loops_ring,
          hellmonk_ecumenical_altar_leap_of_faith
D:2:      minmay_wonky_spiral, layout_rooms, uniq_sigmund, uniq_terence
D:3:      layout_rooms, amcnicky_altar_gilded
D:4:      layout_rooms
D:5:      layout_basic, uniq_grinder
D:6:      layout_cave_pools, minmay_temple_entry_arrows, serial_shops,
          nicolae_shop_behind_doors, uniq_eustachio, uniq_maggie, uniq_edmund

Skill      XL: |  1  2  3  4  5  6  7  8 |
---------------+-------------------------+-----
Fighting       | 4 5 6 7 |  7.8
Staves         | 3 4 5 6 |  6.6
Armour         | 4 5 6 7 |  7.7
Shields        | |  4.0

Action                   |  1- 3 |  4- 6 |  7- 9 || total
-------------------------+-------+-------+-------++-------
Melee: Quarterstaff      |    70 |   124 |   243 ||   437
Invok: Whirlwind         |    24 |    40 |    62 ||   126
       Lunge             |    13 |     7 |     6 ||    26
 Abil: Dig               |     1 |     2 |       ||     3
       Wall Jump         |       |     2 |    25 ||    27
Armor: Scale mail        |    25 |    48 |   124 ||   197
Dodge: Dodged            |    28 |    38 |    97 ||   163
Block: Buckler           |    14 |    41 |    86 ||   141
